 Dungeon Crawl Stone Soup version 0.29-a0-993-g4a18f31a58 (console) character file.

Game seed: 9178597713630001396

2902 capslocke the Ducker (level 9, -1/57 HPs)
             Began as a Tengu Delver on Aug 3, 2022.
             Was a Priest of Wu Jian.
             Slain by Amaemon
             ... wielding a +1 demon whip of venom
              (12 damage)
             ... on level 8 of the Dungeon.
             The game lasted 00:27:33 (9511 turns).

capslocke the Ducker (Tengu Delver)                 Turns: 9511, Time: 00:27:33

Health: -1/57      AC:  7    Str: 21    XL:     9   Next: 78%
Magic:  10/10      EV: 16    Int: 17    God:    Wu Jian [***...]
Gold:   435        SH:  5    Dex: 15    Spells: 8/8 levels left

rFire   . . .      SeeInvis .   F - +3 whip {pain, rPois rC+ Str+4}
rCold   + . .      Faith    .   (no shield)
rNeg    . . .      Spirit   .   n - +0 scale mail {Will+}
rPois   +          Reflect  +   (helmet restricted)
rElec   .          Harm     .   (no cloak)
rCorr   .          Rampage  .   (no gloves)
Will    +....                   (boots unavailable)
Stlth   ++........              o - amulet of reflection
HPRegen 0.19/turn               x - +6 ring of intelligence
MPRegen 0.12/turn               (no ring)

@: flying quickly and evasively, slowed, very slow
A: beak, talons 3, nimble flight
a: Renounce Religion, Wall Jump, Serpent's Lash


You were on level 8 of the Dungeon.
You worshipped Wu Jian.
Wu Jian was most pleased with you.
You visited 1 branch of the dungeon, and saw 8 of its levels.

You collected 435 gold pieces.

Inventory:

Hand Weapons
 a - a +0 falchion
 z - a +1 vorpal great mace
 F - the +3 whip of the Throat (weapon) {pain, rPois rC+ Str+4}
   (You took it off an orc on level 4 of the Dungeon)

   In the hands of one skilled in necromantic magic, it inflicts extra damage on
   living creatures.
   Str:       It affects your strength (+4).
   rC:        It protects you from cold.
   rPois:     It protects you from poison.
Missiles
 u - 23 poisoned darts (quivered)
Armour
 b - a +0 leather armour
 n - a +0 scale mail of willpower (worn)
 p - a +0 leather armour of cold resistance
Jewellery
 o - an amulet of reflection (around neck)
 x - a +6 ring of intelligence (left hand)
 B - an amulet of faith
Wands
 g - a wand of digging (3)
 A - a wand of quicksilver (11)
Scrolls
 c - a scroll of fog
 d - 2 scrolls of magic mapping
 e - 2 scrolls of fear
 h - a scroll of butterflies {unknown}
 i - 5 scrolls of enchant weapon {unknown}
 j - 8 scrolls of identify {unknown}
 k - a scroll of noise {unknown}
 l - 3 scrolls of poison {unknown}
 m - 2 scrolls of teleportation {unknown}
 s - 2 scrolls of blinking {unknown}
 t - 2 scrolls of summoning {unknown}
 y - a scroll of vulnerability {unknown}
 D - a scroll of enchant armour {unknown}
 G - a scroll of torment {unknown}
 J - a scroll of amnesia {unknown}
Potions
 f - 3 potions of curing
 q - a potion of attraction {unknown}
 r - a potion of magic {unknown}
 v - a potion of lignification {unknown}
 w - 2 potions of ambrosia {unknown}
 C - 2 potions of degeneration {unknown}
 E - a potion of heal wounds
 H - a potion of mutation {unknown}
 I - a potion of invisibility {unknown}


   Skills:
 + Level 7.1 Fighting
 - Level 3.2 Long Blades
 + Level 6.5 Maces & Flails
 + Level 5.8 Armour
 + Level 7.4 Dodging
 - Level 5.0 Stealth
 + Level 4.4 Necromancy


You had 8 spell levels left.
You didn't know any spells.
Your spell library contained the following spells:

 Spells                   Type           Power      Damage    Failure   Level
 Sublimation of Blood     Necr           15%        N/A       14%         2
 Wereblood                Tmut           0%         N/A       65%         2
 Cause Fear               Hex            0%         N/A       99%         4
 Blade Hands              Tmut           0%         N/A       100%        5
 Irradiate                Conj/Tmut      0%         3d11      100%        5
 Dragon Form              Tmut           0%         N/A       100%        7
 Summon Hydra             Summ           0%         N/A       100%        7
 Dragon's Call            Summ           0%         N/A       100%        9


Dungeon Overview and Level Annotations

Branches:
Dungeon (8/15)             Temple (0/1) D:7
   Lair: D:8-11

Altars:
Ashenzari
Fedhas
Makhleb
Okawaru
Wu Jian

Annotations:
D:8 Amaemon


Innate Abilities, Weirdness & Mutations

You have a beak for a mouth.
You have claws for feet.
Your magical nature lets you fly swiftly and evasively.


Message History

The orange demon is almost dead.
The orange demon stings you.
You have difficulty breathing.
You feel as though you will be slow longer.
The orange demon hits you but does no damage.
You hit the orange demon. You claw the orange demon.
You kill the orange demon!
The Council accepts your kill.
Your Fighting skill increases to level 7!
Amaemon seems to regain his courage.
You see here a staff of death.
Aiming: Quicksilver Bolt
Press: ? - help, Shift-Dir - straight line, f - Amaemon
Aim: Amaemon, wielding a +1 demon whip of venom (moderately wounded, 64% to hit)
The bolt of dispelling energy hits Amaemon!
Amaemon is heavily wounded.
Amaemon shouts, "You think you're better than me?"
You are too injured to fight recklessly!
You hit Amaemon.
Amaemon writhes in agony.
You peck Amaemon, but do no damage.
Amaemon is heavily wounded.
Amaemon hisses.
Amaemon misses you. You block Amaemon's attack. x2
You whack Amaemon! You claw Amaemon! Your peck misses Amaemon.
Amaemon is severely wounded.
Amaemon closely misses you. x2; Amaemon tail-slaps you.
You are poisoned.
Amaemon poisons you!
You closely miss Amaemon. You claw Amaemon, but do no damage.
Amaemon is severely wounded.
You feel very sick.
Amaemon hits you with a +1 demon whip of venom.
* * * LOW HITPOINT WARNING * * *
You are more poisoned.
Amaemon claws you.
* * * LOW HITPOINT WARNING * * *
You block Amaemon's attack.
You feel better. Amaemon closely misses you. You block Amaemon's attack.
Amaemon tail-slaps you.
* * * LOW HITPOINT WARNING * * *
Amaemon hits you with a +1 demon whip of venom!
You die...

......# .... #..#.####
....###....#..#......##
.....#<.......#.......#
.......$.......#.......###
.....$...................#
...#..........###..###...#
............6......#.....#
....#...#>..@...........#
.....##.##..|.......#...##
........#......?...###...#
.. ........##.....# #...##
#.##.#....#..##.####...#
.. #.#.......##..#.....#
........####.......##
......(... ........#####
.......... .........##.#


You could see Amaemon.

Vanquished Creatures
  An orange demon (D:8)
  A troll (D:7)
  A water moccasin (D:7)
  A hornet zombie (D:5)
  An ice beast (D:6)
  A sky beast (D:7)
  An ogre (D:6)
  3 phantoms
  2 kobold brigands (D:6)
  3 bullfrogs
  A wyvern zombie (D:5)
  A gnoll sergeant (D:7)
  3 scorpions
  A water moccasin zombie (D:5)
  2 necrophages
  5 wights (D:7)
  A water moccasin skeleton (D:5)
  A centaur zombie (D:5)
  2 bullfrog zombies (D:5)
  4 jellies
  A centaur skeleton (D:5)
  An iguana (D:5)
  3 orc wizards
  2 killer bee zombies (D:5)
  5 gnolls (D:7)
  4 adders
  2 shadow imps
  3 white imps (D:7)
  3 dart slugs
  24 orcs
  4 bats
  7 endoplasms
  3 giant cockroaches
  7 goblins
  3 hobgoblins
  3 jackals (D:4)
  15 kobolds
  4 quokkas (D:4)
  6 ball pythons
  A frilled lizard (D:2)
  4 rats
141 creatures vanquished.

Vanquished Creatures (others)
  2 withered plants
2 creatures vanquished.

Grand Total: 143 creatures vanquished

Notes
Turn   | Place    | Note
-------+----------+-------------------------------------------
     0 | D:5      | capslocke the Tengu Delver began the quest for the Orb.
     0 | D:5      | Reached XP level 1. HP: 14/14 MP: 2/2
   424 | D:1      | Reached XP level 2. HP: 16/19 MP: 3/3
   625 | D:1      | Found a faded altar of an unknown god.
   805 | D:1      | Prayed at the altar of an unknown god.
   805 | D:1      | Became a worshipper of the Wu Jian Council
   805 | D:1      | Reached * piety under Wu Jian
  1110 | D:1      | Reached XP level 3. HP: 20/23 MP: 4/4
  2583 | D:3      | Found a broken altar of Ashenzari.
  2698 | D:3      | Reached XP level 4. HP: 28/28 MP: 5/5
  3121 | D:4      | Found an iron altar of Okawaru.
  3142 | D:4      | Reached ** piety under Wu Jian
  3158 | D:4      | Reached skill level 1 in Maces & Flails
  3185 | D:4      | Gained mutation: Your magical nature lets you fly swiftly
                  | and evasively. [Tengu growth]
  3185 | D:4      | Reached XP level 5. HP: 13/33 MP: 6/6
  3858 | D:4      | Identified the +3 whip of the Throat {pain, rPois rC+
                  | Str+4}
  3877 | D:4      | Reached XP level 6. HP: 13/39 MP: 7/7
  4197 | D:4      | Noticed a water moccasin
  4517 | D:5      | Reached skill level 1 in Armour
  5084 | D:5      | Reached XP level 7. HP: 40/44 MP: 8/8
  5089 | D:5      | Reached skill level 5 in Fighting
  5091 | D:5      | Reached skill level 5 in Dodging
  5536 | D:5      | Reached XP level 8. HP: 10/50 MP: 9/9
  6092 | D:5      | Found a burning altar of Makhleb.
  6120 | D:5      | Found a blossoming altar of Fedhas.
  6965 | D:6      | Reached skill level 1 in Necromancy
  7246 | D:6      | Reached skill level 5 in Maces & Flails
  7410 | D:6      | Reached *** piety under Wu Jian
  7623 | D:7      | Reached XP level 9. HP: 38/56 MP: 10/10
  8040 | D:7      | Found a staircase to the Ecumenical Temple.
  8399 | D:7      | Reached skill level 5 in Armour
  8924 | D:7      | Noticed a troll
  8932 | D:7      | Killed a troll
  9192 | D:8      | Noticed an orange demon
  9193 | D:8      | Noticed Amaemon
  9503 | D:8      | Killed an orange demon
  9511 | D:8      | Slain by Amaemon

Illustrated notes

Levels and vault maps discovered:
D:1:      spicycebolla_arrival_xxxplode, layout_basic,
          ebering_ecumenical_altar_petrified, minmay_distorted
D:2:      layout_rooms
D:3:      layout_basic, nicolae_ashenzari_panopticon
D:4:      cheibrodos_helix_gallery, layout_loops_ring,
          mainiacjoe_overflow_six_doors_small, lightli_corner_chamber
D:5:      layout_cave_pods, mainiacjoe_overflow_two_lobes, serial_undead,
          serial_undead_e, serial_undead_a, serial_undead_e, serial_undead_f,
          serial_undead_e, serial_undead_c, serial_undead_f, minmay_liquid_box,
          uniq_pikel
D:6:      layout_basic
D:7:      layout_loops_corners, minmay_temple_entry_tees
D:8:      layout_cave_pools, nicolae_qazlal_general_emergency,
          minmay_misc_feat_hallway, uniq_amaemon, uniq_maurice

Skill      XL: |  1  2  3  4  5  6  7  8  9 |
---------------+----------------------------+-----
Dodging        | 3 4 5 6 7 |  7.4
Long Blades    | 3 |  3.2
Maces & Flails | 1 2 3 4 5 6 |  6.5
Fighting       | 4 5 6 7 |  7.1
Armour         | 1 3 4 5 |  5.8
Necromancy     | 2 4 |  4.4
Stealth        | |  5.0

Action                   |  1- 3 |  4- 6 |  7- 9 || total
-------------------------+-------+-------+-------++-------
Melee: Falchion          |    77 |    89 |       ||   166
       Kick              |    17 |    42 |   115 ||   174
       Peck              |     4 |    26 |    63 ||    93
       Whip              |       |    42 |   296 ||   338
       Punch             |       |     1 |     4 ||     5
Throw: Throwing net      |       |     1 |       ||     1
       Dart              |       |       |    10 ||    10
Invok: Lunge             |    11 |    11 |    23 ||    45
       Whirlwind         |       |     3 |     3 ||     6
Evoke: Wand              |       |       |     3 ||     3
  Use: Potion            |     1 |       |     6 ||     7
       Scroll            |       |       |     1 ||     1
 Stab: Sleeping          |    11 |     4 |     6 ||    21
       Held in net/web   |       |     1 |       ||     1
Armor: Leather armour    |     8 |    12 |       ||    20
       Scale mail        |       |     8 |    57 ||    65
Dodge: Dodged            |    36 |    76 |   178 ||   290
Block: Other             |     4 |    26 |    52 ||    82
       Reflection        |       |       |     1 ||     1

Table legend: (Time is in decaauts)
 A = Elapsed time spent in this place.
 B = Non-inter-level travel time spent in this place.
 C = Inter-level travel time spent in this place.
 D = Time resting spent in this place.
 E = Time spent auto-exploring this place.
 F = Levels seen in this place.
 G = Mean time per level.
                   A        B        C        D        E       F      G
               +--------+--------+--------+--------+--------+-----+--------+
         Total |   9182 |   8975 |    207 |   3330 |   4311 |   8 | 1147.8 |
       Dungeon |   9182 |   8975 |    207 |   3330 |   4311 |   8 | 1147.8 |
               +--------+--------+--------+--------+--------+-----+--------+

Top non-repeatable levels by time:
     D:5: 1750 daAuts
     D:7: 1732 daAuts
     D:1: 1585 daAuts
     D:4: 1405 daAuts
     D:6: 1199 daAuts
     D:3: 762 daAuts
     D:2: 660 daAuts
     D:8: 85 daAuts
